 Dungeon Crawl Stone Soup version 0.28-a0-390-gb254ac4902 (webtiles) character file.

Game seed: 13950743478173537625

4554 zdrol the Protected (level 10, -3/90 HPs)
             Began as a Minotaur Fighter on Sept 4, 2021.
             Slain by a yak (8 damage)
             ... on level 9 of the Dungeon.
             The game lasted 00:32:23 (7342 turns).

zdrol the Protected (Minotaur Fighter)              Turns: 7342, Time: 00:32:23

Health: -3/90      AC: 14    Str: 28    XL:     10   Next: 17%
Magic:  9/9        EV:  6    Int:  5    God:
Gold:   245        SH: 17    Dex: 13    Spells: 9/9 levels left

rFire   + . .      SeeInvis .   q - +5 rapier of the Ninety-Nine Olives {vamp, Str+7}
rCold   . . .      Faith    +   v - +2 tower shield
rNeg    + . .      Spirit   .   h - +0 chain mail
rPois   .          Reflect  .   (helmet restricted)
rElec   .          Harm     .   (no cloak)
rCorr   .          Rampage  .   G - +0 pair of gloves
Will    .....                   y - +0 pair of boots
Stlth   ..........              w - amulet of faith
HPRegen 0.25/turn               k - ring of protection from fire
MPRegen 0.11/turn               z - ring of positive energy

@: no status effects
A: horns 2, retaliatory headbutt
a: no special abilities


You were on level 9 of the Dungeon.
You visited 1 branch of the dungeon, and saw 9 of its levels.

You collected 245 gold pieces.

Inventory:

Hand Weapons
 a - a +0 flail
 m - a +2 spectral quarterstaff
 q - the +5 rapier of the Ninety-Nine Olives (weapon) {vamp, Str+7}
   (You found it on level 4 of the Dungeon)

   It occasionally heals its wielder for a portion of the damage dealt when it
   wounds a living foe.
   Str:       It affects your strength (+7).
 E - a +3 flail of holy wrath
Missiles
 u - a throwing net
 A - 3 javelins (quivered)
 H - 2 poisoned darts
Armour
 c - a +0 buckler
 h - a +0 chain mail (worn)
 v - a +2 tower shield (worn)
 y - a +0 pair of boots (worn)
 G - a +0 pair of gloves (worn)
Jewellery
 k - a ring of protection from fire (left hand)
 w - an amulet of faith (around neck)
 z - a ring of positive energy (right hand)
Wands
 B - a wand of digging (5)
 D - a wand of flame (12)
Scrolls
 b - a scroll of immolation {unknown}
 d - a scroll of silence {unknown}
 f - 5 scrolls of identify {unknown}
 i - a scroll of fear {unknown}
 p - 3 scrolls of teleportation {unknown}
 r - 2 scrolls of fog
 t - a scroll of amnesia {unknown}
 x - a scroll of magic mapping {unknown}
 C - a scroll of acquirement {unknown}
 F - 2 scrolls of vulnerability {unknown}
Potions
 e - a potion of resistance {unknown}
 g - a potion of haste {unknown}
 j - 2 potions of curing
 l - a potion of ambrosia {unknown}
 n - a potion of lignification
 o - a potion of heal wounds
 s - 2 potions of mutation {unknown}


   Skills:
 + Level 8.8 Fighting
 + Level 7.9 Short Blades
 - Level 5.6 Maces & Flails
 - Level 0.3 Throwing
 + Level 9.8 Armour
 - Level 1.2 Dodging
 - Level 0.8 Stealth
 + Level 8.8 Shields


You had 9 spell levels left.
You didn't know any spells.
Your spell library contained the following spells:

 Spells                   Type           Power      Damage    Failure   Level
 Foxfire                  Conj/Fire      0%         2x1d4     100%        1
 Conjure Flame            Conj/Fire      0%         6-21      100%        3
 Inner Flame              Hex/Fire       0%         N/A       100%        3
 Mephitic Cloud           Conj/Pois/Air  0%         N/A       100%        3
 Spider Form              Tmut/Pois      0%         N/A       100%        3
 Flame Wave               Conj/Fire      0%         3d3       100%        4
 Olgreb's Toxic Radiance  Pois           0%         N/A       100%        4
 Bolt of Magma            Conj/Fire/Erth 0%         4d4       100%        5
 Summon Forest            Summ/Tloc      0%         N/A       100%        5
 Summon Mana Viper        Hex/Summ       0%         N/A       100%        5
 Summon Cactus Giant      Summ           0%         N/A       100%        6


Dungeon Overview and Level Annotations

Branches:
Dungeon (9/15)             Temple (0/1) D:6
   Lair: D:8-11         Orc: D:9-12

Altars:
Cheibriados
Dithmenos
Hepliaklqana
Vehumet

Shops:
D:1 !   D:2 (=(   D:7 [


Innate Abilities, Weirdness & Mutations

You have a pair of horns on your head.
You reflexively headbutt those who attack you in melee.


Message History

The yak gores you. The yak gores you!
You hit the yak.
You feel better.
Your headbutt misses the yak.
The yak is almost dead.
You block the yak's attack. The yak gores you. You block the yak's attack.
The yak gores you but does no damage. The yak gores you.
You hit the yak.
You kill the yak!
The yak gores you but does no damage. The yak gores you!
You hit the yak.
You feel better.
The yak is lightly wounded.
The yak gores you!
* * * LOW HITPOINT WARNING * * *
The yak gores you but does no damage.
You hit the yak.
You feel better.
You headbutt the yak!
The yak is moderately wounded.
The yak gores you but does no damage. x2
You puncture the yak!
You feel better.
You headbutt the yak, but do no damage.
The yak is heavily wounded.
You block the yak's attack. The yak gores you!
* * * LOW HITPOINT WARNING * * *
You hit the yak. You headbutt the yak, but do no damage.
The yak is severely wounded.
You block the yak's attack. x2
You puncture the yak! Your headbutt misses the yak.
The yak is almost dead.
The yak gores you!
* * * LOW HITPOINT WARNING * * *
You block the yak's attack.
You closely miss the yak.
The yak is almost dead.
You block the yak's attack. x2; The yak barely misses you.
The yak gores you!
* * * LOW HITPOINT WARNING * * *
You puncture the yak!
You kill the yak!
You block the yak's attack.
You hit the yak but do no damage. You block the yak's attack.
You puncture the yak!
You feel better.
Your headbutt misses the yak.
The yak is heavily wounded.
The yak gores you!
You die...

... ....
.... #
..... .#
...######.#
....#...#
###Y§..#
#†@†_§.#
#.#†...#
#.##.#.# #.
#.#..# #.
... .# #.
..#..# ..
###..# ..
.#


You could see a yak.

Vanquished Creatures
  Pikel (D:6)
  A komodo dragon (D:7)
  Prince Ribbit (D:5)
  5 yaks (D:9)
  Edmund (D:6)
  An acid dragon (D:8)
  2 water moccasins
  An orc warrior (D:7)
  3 ice beasts
  An ogre (D:6)
  A centaur (D:5)
  A phantom (D:6)
  A kobold brigand (D:7)
  2 bullfrogs (D:6)
  A scorpion (D:5)
  A wyvern skeleton (D:7)
  12 wights
  A howler monkey (D:4)
  3 bullfrog zombies
  4 orc priests
  A bullfrog skeleton (D:6)
  2 gnoll shamans
  A hound (D:6)
  2 jellies (D:6)
  2 centaur skeletons (D:7)
  Jessica (D:3)
  5 iguanas
  6 orc wizards
  A killer bee zombie (D:8)
  A mummy (D:7)
  A howler monkey zombie (D:7)
  2 adders
  11 gnolls
  A white imp (D:7)
  2 ufetubi (D:7)
  6 worms
  A dart slug (D:1)
  19 orcs
  10 endoplasms
  2 giant cockroaches
  14 hobgoblins
  2 jackals (D:3)
  3 quokkas
  3 ball pythons
  2 bats
  7 frilled lizards
  11 goblins
  14 kobolds
  4 rats
181 creatures vanquished.

Vanquished Creatures (others)
  3 orc wizards
  4 fungi (D:3)
  24 plants
31 creatures vanquished.

Grand Total: 212 creatures vanquished

Notes
Turn   | Place    | Note
-------+----------+-------------------------------------------
     0 | D:1      | zdrol the Minotaur Fighter began the quest for the Orb.
     0 | D:1      | Reached XP level 1. HP: 19/19 MP: 0/0
   125 | D:1      | Reached XP level 2. HP: 25/27 MP: 1/1
   468 | D:1      | Reached XP level 3. HP: 33/33 MP: 2/2
   494 | D:1      | Found Estiam Couzu's Distillery.
   754 | D:2      | Reached skill level 4 in Armour
  1186 | D:2      | Found Wokoepusk's Jewellery Shoppe.
  1335 | D:2      | Found Sioracs's Antique Weapon Emporium.
  1655 | D:2      | Found Zeyge's Antique Weapon Boutique.
  1936 | D:3      | Reached XP level 4. HP: 40/40 MP: 3/3
  2239 | D:3      | Noticed Jessica
  2242 | D:3      | Killed Jessica
  2438 | D:3      | Reached XP level 5. HP: 45/46 MP: 4/4
  2461 | D:3      | Reached skill level 5 in Armour
  2461 | D:3      | Reached skill level 1 in Dodging
  2763 | D:3      | Found a faded altar of an unknown god.
  3112 | D:4      | Found a radiant altar of Vehumet.
  3137 | D:4      | Reached skill level 5 in Maces & Flails
  3148 | D:4      | Identified the +5 rapier of the Ninety-Nine Olives {vamp,
                  | Str+7}
  3482 | D:4      | Reached XP level 6. HP: 53/53 MP: 5/5
  3509 | D:5      | Entered Level 5 of the Dungeon
  3885 | D:5      | Reached skill level 1 in Short Blades
  3918 | D:5      | Noticed Prince Ribbit
  3935 | D:5      | Killed Prince Ribbit
  3936 | D:5      | Reached skill level 6 in Armour
  3936 | D:5      | Reached XP level 7. HP: 56/60 MP: 6/6
  4121 | D:5      | Found a hazy altar of Hepliaklqana.
  4466 | D:6      | Reached skill level 5 in Fighting
  4466 | D:6      | Reached skill level 5 in Shields
  4615 | D:6      | Noticed Edmund
  4628 | D:6      | Killed Edmund
  4629 | D:6      | Reached XP level 8. HP: 37/68 MP: 7/7
  4787 | D:6      | Reached skill level 7 in Armour
  4803 | D:6      | Reached skill level 5 in Short Blades
  5018 | D:6      | Found a staircase to the Ecumenical Temple.
  5043 | D:6      | Got the Incunabulum of Igneous Poison
  5161 | D:6      | Noticed Pikel
  5189 | D:6      | Killed Pikel
  5190 | D:6      | Reached skill level 8 in Armour
  5456 | D:7      | Reached XP level 9. HP: 78/78 MP: 8/8
  6148 | D:7      | Found a snail-covered altar of Cheibriados.
  6222 | D:7      | Noticed a komodo dragon
  6254 | D:7      | Killed a komodo dragon
  6255 | D:7      | Reached skill level 9 in Armour
  6525 | D:7      | Found Agrymyom's Armour Boutique.
  7302 | D:9      | Found a shadowy altar of Dithmenos.
  7307 | D:9      | Reached XP level 10. HP: 52/90 MP: 9/9
  7339 | D:9      | HP: 3/90 [yak (10)]
  7342 | D:9      | Slain by a yak

Illustrated notes

Levels and vault maps discovered:
D:1:      elethiomel_arrival_infinity_welcomes_careful_drivers, layout_rooms,
          serial_shops, nicolae_lakefront_shop, kennysheep_doodads,
          minmay_misc_feat_ornament, minmay_misc_feat_doors,
          minmay_close_crescents
D:2:      layout_rooms, serial_shops, shop, nicolae_lakefront_shop,
          nicolae_shop_trees, st_stairs_14, minmay_puff
D:3:      layout_basic, shapermc_ecumenical_altar_mp_ritualfount, uniq_jessica
D:4:      layout_cave_pools, general_overflow_altar, skrybe_limestone_x,
          minmay_goblin_outpost
D:5:      layout_rooms, mainiacjoe_overflow_alcove_1, nicolae_zen_rock_garden,
          chequers_jeans, uniq_prince_ribbit1
D:6:      layout_basic, minmay_temple_entry_offerings, uniq_edmund, uniq_pikel
D:7:      layout_loops_cross, slow_altar_2, serial_shops, nicolae_shop_crystal,
          kennysheep_another_room, minmay_lizard_king
D:8:      layout_cave_pools, lemuel_coloured_pillars_altar,
          minmay_overflow_temple_star_quad, grunt_decor_junction,
          minmay_tree_intersection, hex_tiny
D:9:      layout_basic, grunt_dithmenos_smoke, enter_bailey_2,
          gammafunk_ghost_arena

Skill      XL: |  1  2  3  4  5  6  7  8  9 |
---------------+----------------------------+-----
Shields        | 4 5 6 8 |  8.8
Maces & Flails | 3 4 5 |  5.6
Fighting       | 4 5 6 8 |  8.8
Armour         | 4 5 6 8 9 |  9.8
Dodging        | 1 |  1.2
Short Blades   | 2 4 6 7 |  7.9
Throwing       | |  0.3
Stealth        | |  0.8

Action                   |  1- 3 |  4- 6 |  7- 9 | 10-12 || total
-------------------------+-------+-------+-------+-------++-------
Melee: Flail             |   103 |    73 |       |       ||   176
       Headbutt          |    18 |    26 |    84 |    10 ||   138
       Rapier            |       |    50 |   294 |    28 ||   372
Throw: Javelin           |       |       |    17 |       ||    17
  Use: Scroll            |     1 |     1 |       |       ||     2
       Potion            |       |       |     4 |       ||     4
Armor: Scale mail        |    16 |       |       |       ||    16
       Chain mail        |    23 |    53 |    86 |    11 ||   173
       Skin              |       |       |    18 |       ||    18
Dodge: Dodged            |    44 |    51 |    62 |     5 ||   162
Block: Buckler           |    23 |    30 |       |       ||    53
       Tower shield      |       |       |   260 |    36 ||   296

Table legend: (Time is in decaauts)
 A = Elapsed time spent in this place.
 B = Non-inter-level travel time spent in this place.
 C = Inter-level travel time spent in this place.
 D = Time resting spent in this place.
 E = Time spent auto-exploring this place.
 F = Levels seen in this place.
 G = Mean time per level.
                   A        B        C        D        E       F      G
               +--------+--------+--------+--------+--------+-----+--------+
         Total |   7497 |   7497 |      0 |   1262 |   2130 |   9 |  833.0 |
       Dungeon |   7497 |   7497 |      0 |   1262 |   2130 |   9 |  833.0 |
               +--------+--------+--------+--------+--------+-----+--------+

Top non-repeatable levels by time:
     D:7: 1393 daAuts
     D:3: 1213 daAuts
     D:1: 1047 daAuts
     D:6: 1018 daAuts
     D:2: 898 daAuts
     D:4: 761 daAuts
     D:5: 600 daAuts
     D:8: 522 daAuts
     D:9: 42 daAuts
